Yunyun, chaotic female elven Wizard ---- -- --.|...--- |........-- -@h)%.....| ..s........| -............- ---.-.......... -- ..........| -.......Gh.. ..(........| .........--- ........-- ........| ...---..| |..| --- --- Yunyun the Thaumaturge Experience level: 7 Strength: 10 Dexterity: 11 Constitution: 16 Intelligence: 20 Wisdom: 11 Charisma: 9 Health: 0(50) Energy: 35(69) AC: 10 Gold: 498 Moves: 1988 Your Inventory: Coins $ - 498 gold pieces Weapons a - a blessed +1 quarterstaff (weapon in hands) y - 6 [uncursed +0] darts of stealth and detonation M - 12 [uncursed] +0 daggers (in quiver) Armor b - an uncursed burnt +0 cloak of magic resistance (being worn) N - an [uncursed +1] pair of mud boots [water walking] Comestibles t - an [uncursed] tripe ration u - 4 [uncursed] food rations x - 2 [uncursed] cream pies Scrolls i - an uncursed scroll of light j - a blessed scroll of magic mapping A - a blessed scroll labeled ZLORFIK [of remove curse] J - a [blessed] scroll labeled KERNOD WEL [of teleportation] O - an [uncursed] scroll labeled KIRJE [of food detection] Spellbooks s - an uncursed [faint] spellbook of detect food Potions f - an uncursed potion of water g - an uncursed potion of paralysis Rings d - an uncursed +2 ring of gain constitution (on right hand) e - an uncursed ring of conflict v - an uncursed bronze ring [of regeneration] F - an [uncursed] bronze ring [of regeneration] K - an [uncursed] plastic ring [of slow digestion] Wands c - an uncursed wand of polymorph (0:0) G - an [uncursed] walnut wand [of digging (0:7)] Tools n - an uncursed wooden flute w - an [uncursed] horn of plenty [0:8] E - an [uncursed oil] lamp (lit) Spells known in the end: Name Level Category Fail Memory a - force bolt 1 attack 0% [||||||||] b - sleep 1 enchantment 0% [||||||||] c - haste self 3 escape 63% [||||||||] d - healing 1 healing 0% [||||||||] e - slow monster 2 enchantment 0% [||||||||] f - charm monster 3 enchantment 0% [||||||||] g - detect food 2 divination 29% [||||||||] Your skills at the end: Fighting Skills Weapon Skills quarterstaff [Basic / Expert] Spellcasting Skills attack spells [Basic / Expert] enchantment spells [Basic / Skilled] Final Attributes: You were devoutly aligned. Hunger level was 600. Your alignment was 18 / 19. Monster difficulty range was 1 - 7. Level difficulty was 7. You were immune to sleep. You were magic-protected. You saw invisible. You had infravision. Your luck was zero. You are dead. Vanquished creatures: a lizard a fog cloud 5 gnome lords a gnomish wizard a gray ooze a floating eye 10 dwarves 2 kobold lords a centipede 4 manes a yellow mold a red mold 29 gnomes a gecko 2 jackals a fox a grid bug a lichen a newt 65 creatures vanquished. Voluntary challenges: You used a wielded weapon 20 times. You read items or engraved 5 times. You put on armor 1 time. You never genocided any monsters. You polymorphed 6 items. You never changed form. You used no wishes. You never wrote Elbereth's name. You never encountered a bones level. You never used any Sokoban shortcuts. Dungeon overview: The Dungeons of Doom: levels 1 to 3 Level 1 a fountain a long staircase Level 2 some fountains stairs to The Gnomish Mines The Gnomish Mines: levels 3 to 7 Level 3 stairs to The Dungeons of Doom Level 5 many shops, a temple to Anhur, a magic chest, some fountains, some trees Level 7 <- You were here History has recorded: On T:1 you entered the Dungeons of Doom to retrieve the Amulet of Yendor! On T:257 you reached level 2 of The Dungeons of Doom. On T:522 you reached level 3 of The Dungeons of Doom. On T:562 you advanced to experience level 2. On T:604 you reached level 1 of The Gnomish Mines. On T:609 you advanced to experience level 3. On T:633 you advanced to experience level 4. On T:685 you advanced to experience level 5. On T:797 you reached level 2 of The Gnomish Mines. On T:806 you reached level 3 of The Gnomish Mines. On T:821 you advanced to experience level 6. On T:1534 you reached level 4 of The Gnomish Mines. On T:1561 you advanced to experience level 7. On T:1980 you reached level 5 of The Gnomish Mines. Latest messages: The dagger hits the dwarf. The giant spider bites! [HP-7=22] The spell misses the dwarf. The spell hits the gnome! You kill the gnome! The giant spider bites! The dwarf wields a broad short sword! [HP-5=17] The spell hits the giant spider! The giant spider bites! [HP-5=12] The spell misses the giant spider. The giant spider bites! (2x) You die... Final status: Goodbye Yunyun the Wizard... You died in The Gnomish Mines on dungeon level 7 with 2621 points, and 498 pieces of gold, after 1988 moves. You were level 7 with a maximum of 50 hit points when you died.